 Dungeon Crawl Stone Soup version 0.31.0-4-g52a2dc7128 (webtiles) character file.

Game seed: 845739101849174139

2321 Strat the Covert (level 9, -1/49 HPs)
             Began as a Vine Stalker Necromancer on Jan 22, 2024.
             Was a Believer of Okawaru.
             Succumbed to a hornet's poison
             ... on level 7 of the Dungeon.
             The game lasted 00:09:59 (5456 turns).

Strat the Covert (Vine Stalker Necromancer)         Turns: 5456, Time: 00:09:59

Health: -1/49      AC: 10    Str: 23    XL:     9   Next: 41%
Magic:  13/13      EV: 11    Int: 15    God:    Okawaru [**....]
Gold:   395        SH:  0    Dex: 19    Spells: 11/12 levels left

rFire   . . .        b - +1 dagger (elec)
rCold   . . .        (no shield)
rNeg    . . .        d - +0 ring mail
rPois   .            j - +0 helmet
rElec   .            D - +2 cloak
rCorr   .            w - +0 pair of gloves
SInv    .            (no boots)
Will    +....        (no amulet)
Stlth   +++          e - +6 ring of strength
HPRegen 1.08/turn    h - +6 ring of strength
MPRegen 0.13/turn

%: guardian spirit
@: lethally poisoned (-1 -> -8), slowed, very slow
A: fangs 3, regeneration 1, magic shield, antimagic bite, no potion heal 2
a: Renounce Religion, Heroism


You were on level 7 of the Dungeon.
You worshipped Okawaru.
Okawaru was pleased with you.
You visited 2 branches of the dungeon, and saw 8 of its levels.

You collected 395 gold pieces.

Inventory:

Hand Weapons
 a - a +2 vampiric dagger
 b - a +1 dagger of electrocution (weapon)
 p - a +1 dagger of draining
Missiles
 i - 5 javelins
 z - 2 throwing nets
Armour
 d - a +0 ring mail (worn)
 j - a +0 helmet (worn)
 w - a +0 pair of gloves (worn)
 D - a +2 cloak (worn)
Jewellery
 e - a +6 ring of strength (left hand)
 h - a +6 ring of strength (right hand)
 E - a ring of see invisible
Wands
 t - a wand of iceblast (13)
 y - a wand of flame (22)
Scrolls
 f - 7 scrolls of identify {unknown}
 k - 2 scrolls of enchant armour {unknown}
 l - 2 scrolls of fear {unknown}
 o - 4 scrolls of teleportation {unknown}
 r - 2 scrolls of blinking {unknown}
 u - a scroll of enchant weapon {unknown}
 A - a scroll of vulnerability {unknown}
Potions
 c - a potion of mutation {unknown}
 g - 2 potions of curing {unknown}
 m - a potion of magic
 n - 4 potions of heal wounds {unknown}
 q - 3 potions of haste {unknown}
 s - 2 potions of might {unknown}
 v - 2 potions of lignification {unknown}
 x - a potion of ambrosia {unknown}
 B - a potion of invisibility {unknown}
 C - a potion of attraction {unknown}


   Skills:
 + Level 6.4 Fighting
 + Level 7.3 Short Blades
 - Level 1.5 Dodging
 + Level 8.0 Stealth
 - Level 2.1 Spellcasting
 - Level 4.0 Necromancy


You had 11 spell levels left.
You knew the following spells:

 Your Spells              Type           Power      Damage    Failure   Level
a - Necrotise             Necr           52%        1d6       7%          1

Your spell library contained the following spells:

 Spells                   Type           Power      Damage    Failure   Level
 Vampiric Draining        Necr           13%        2d6       21%         3
 Ensorcelled Hibernation  Hex/Ice        2%         N/A       47%         2
 Inner Flame              Hex/Fire       1%         N/A       71%         3
 Passwall                 Erth           1%         N/A       71%         3
 Swiftness                Air            1%         N/A       71%         3
 Curse of Agony           Necr           13%        N/A       88%         5
 Flame Wave               Conj/Fire      1%         2d4       98%         4
 Sticky Flame             Fire/Alch      1%         2d4       98%         4
 Animate Dead             Necr           Unusable   N/A       N/A         4

Dungeon Overview and Level Annotations

Branches:
Dungeon (7/15)             Temple (1/1) D:4

Altars:
Ashenzari
Dithmenos
Elyvilon
Fedhas
Gozag
Hepliaklqana
Kikubaaqudgha
Makhleb
Nemelex Xobeh
Okawaru
Sif Muna
Trog
Vehumet
Wu Jian
Xom
Yredelemnul
Zin
The Shining One

Shops:
D:4 *

Annotations:
D:4 2 transporters, snydleywhiplash's ghost, amateur MiFi


Innate Abilities, Weirdness & Mutations

You have razor-sharp teeth.
Your natural rate of healing is unusually fast.
When hurt, damage is shared between your health and your magic reserves.
Your bite disrupts and absorbs the magic of your enemies.
Potions cannot restore your health.


Message History

You see here 13 gold pieces.
You hit the hornet but do no damage. The hornet closely misses you.
You barely miss the hornet. The hornet stings you.
You are poisoned.
You feel yourself slow down.
You hit the hornet but do no damage.
You feel very sick. The hornet stings you!
You are more poisoned.
You feel as though you will be slow longer.
You hit the hornet.
The hornet is lightly wounded.
You feel very sick. The hornet closely misses you. The hornet stings you.
* * * LOW HITPOINT WARNING * * *
You suddenly lose the ability to move!
You feel very sick. The hornet stings you.
* * * LOW HITPOINT WARNING * * *
You are more poisoned.
You feel as though you will be slow longer.
You feel very sick. The hornet stings you.
* * * LOW HITPOINT WARNING * * *
You feel as though you will be slow longer.
The orc wizard mumbles some strange words.
The orc wizard flickers and vanishes!
Deactivating autopickup; reactivate with Ctrl-A.
The hornet stings you!
* * * LOW HITPOINT WARNING * * *
You feel as though you will be slow longer.
* * * LOW HITPOINT WARNING * * *
You feel very sick. The hornet stings you.
* * * LOW HITPOINT WARNING * * *
You feel as though you will be slow longer.
You can move again.
Okay, then.
Magic courses through your body.
You die...

#[#####.#
# #.# #.#
#.# #.#
#.# #.#
#.# #@#
#y# #{#
#.# #.#
#.# #.#
#.#


You could see a hornet.

Vanquished Creatures
  Joseph (D:7)
  A water moccasin (D:5)
  3 ice beasts
  A sky beast (D:7)
  2 black bears
  An ogre (D:6)
  A bullfrog (D:6)
  6 howler monkeys
  3 bombardier beetles
  3 hounds
  A jelly (D:6)
  Crazy Yiuf (D:7)
  A gnoll bouda (D:3)
  2 orc priests
  2 iguanas
  2 sleepcaps
  5 orc wizards
  13 gnolls
  6 adders
  A white imp (D:5)
  2 ufetubi (D:6)
  5 ribbon worms
  2 dart slugs
  42 orcs
  A bat (D:3)
  3 endoplasms
  A giant cockroach (D:2)
  3 goblins
  9 hobgoblins
  15 jackals
  5 quokkas
  6 ball pythons
  4 frilled lizards
  8 kobolds
  5 rats
167 creatures vanquished.

Notes
Turn   | Place    | Note
-------+----------+-------------------------------------------
     0 | D:1      | Strat the Vine Stalker Necromancer began the quest for the
                  | Orb.
     0 | D:1      | Reached XP level 1. HP: 9/9 MP: 4/4
   141 | D:1      | Reached skill level 1 in Fighting
   221 | D:1      | Reached XP level 2. HP: 14/14 MP: 6/6
   852 | D:2      | Reached XP level 3. HP: 19/19 MP: 7/7
   862 | D:2      | Found a shadowy altar of Dithmenos.
  1272 | D:3      | Reached XP level 4. HP: 24/24 MP: 6/8
  1321 | D:3      | You fall into a shaft and drop 1 floor!
  1694 | D:3      | Reached skill level 1 in Short Blades
  1696 | D:3      | Reached XP level 5. HP: 27/28 MP: 3/9
  1788 | D:3      | Reached XP level 6. HP: 32/32 MP: 10/10
  2194 | D:3      | Reached skill level 5 in Short Blades
  2194 | D:3      | Reached XP level 7. HP: 26/33 MP: 6/11
  2494 | D:3      | Reached skill level 3 in Stealth
  2536 | D:4      | Found a shimmering blue altar of Sif Muna.
  2538 | D:4      | Found a shadowy altar of Dithmenos.
  2541 | D:4      | Found a radiant altar of Vehumet.
  2572 | D:4      | Found a staircase to the Ecumenical Temple.
  2579 | Temple   | Entered the Ecumenical Temple
  2606 | Temple   | Became a worshipper of Warmaster Okawaru
  3082 | D:4      | Found a transporter.
  3130 | D:4      | Noticed snydleywhiplash's ghost (amateur MiFi)
  3131 | D:4      | Noticed a wyvern
  3133 | D:4      | Found a transporter.
  3141 | D:4      | Reached skill level 4 in Stealth
  3234 | D:4      | Found Yto Kei's Assorted Antiques.
  3687 | D:5      | Entered Level 5 of the Dungeon
  3689 | D:5      | Found an ornate altar of the Wu Jian Council.
  3710 | D:5      | Gained mutation: You have razor-sharp teeth. [Vine Stalker
                  | growth]
  3710 | D:5      | Reached XP level 8. HP: 38/42 MP: 10/12
  3781 | D:5      | Found a glowing golden altar of the Shining One.
  4080 | D:5      | Reached skill level 5 in Stealth
  4464 | D:5      | Reached * piety under Okawaru
  4465 | D:5      | Reached skill level 5 in Fighting
  4799 | D:6      | Reached skill level 6 in Stealth
  5049 | D:6      | Reached XP level 9. HP: 48/48 MP: 13/13
  5105 | D:6      | Reached skill level 7 in Stealth
  5243 | D:7      | Noticed Joseph
  5249 | D:7      | Killed Joseph
  5249 | D:7      | Reached ** piety under Okawaru
  5271 | D:7      | Found a runed translucent door.
  5272 | D:7      | Noticed Crazy Yiuf
  5282 | D:7      | Killed Crazy Yiuf
  5296 | D:7      | Identified the +6 hammer of Docasoq {heavy, *Rage Str+5
                  | Int+3 SInv}
  5436 | D:7      | Reached skill level 8 in Stealth
  5445 | D:7      | Noticed a hornet
  5452 | D:7      | Paralysed by a hornet for 3 turns
  5455 | D:7      | HP: 2/49 [hornet (3)]
  5456 | D:7      | Succumbed to a hornet's poison

Illustrated notes

Levels and vault maps discovered:
D:1:      heliophobic_arrival_dark_side_of_the_moon, layout_loops_ring
D:2:      layout_rooms, basic_altar
D:3:      lemuel_castle_with_subvaults [lemuel_castle_interior_carwin_2],
          layout_rooms, saegor_snake_ambush
D:4:      layout_layer_cave, grunt_temple_overflow_open,
          minmay_temple_entry_trees, serial_shops, shop, gammafunk_ghost_arena
D:5:      layout_basic, amcnicky_altar_gilded, mainiacjoe_overflow_brackets,
          kennysheep_another_room
D:6:      layout_rooms, minmay_misc_feat_square, grunt_ministairs_10
D:7:      layout_loops_ring, nicolae_qazlal_scattered_showers,
          mainiacjoe_overflow_surrounded_room, kennysheep_slug_shrine,
          ebering_ghost_xom, serial_bayou_lagoon_a, uniq_prince_ribbit1,
          uniq_jeremiah, uniq_joseph, uniq_crazy_yiuf_cottage
Temple:   nicolae_temple_ecumenical_triangle

Skill      XL: |  1  2  3  4  5  6  7  8  9 |
---------------+----------------------------+-----
Fighting       | 1 2 3 4 5 6 |  6.4
Short Blades   | 2 3 5 6 7 |  7.3
Stealth        | 4 6 8 |  8.0
Dodging        | |  1.5
Spellcasting   | |  2.1
Necromancy     | |  4.0

Action                     |  1- 3 |  4- 6 |  7- 9 || total
---------------------------+-------+-------+-------++-------
  Melee: Unarmed           |    46 |       |       ||    46
         Bite              |    41 |    62 |    89 ||   192
         Punch             |     3 |     1 |     3 ||     7
         Dagger            |    93 |   205 |   280 ||   578
    Use: Potion            |       |       |     1 ||     1
   Stab: Sleeping          |     3 |     1 |    10 ||    14
         Distracted        |       |       |     1 ||     1
 Armour: Ring mail         |    89 |   130 |   186 ||   405
  Dodge: Dodged            |    71 |   117 |    98 ||   286
